 Dungeon Crawl Stone Soup version 0.28.0-53-g5a82cb258f (webtiles) character file.

Game seed: 7304426469388373333

103877 cbfl8 the Warrior (level 15, -1/214 HPs)
             Began as a Minotaur Berserker on July 26, 2022.
             Was a High Priest of Trog.
             Slain by a tyrant leech (15 damage)
             ... on level 6 of the Lair of Beasts.
             The game lasted 00:54:55 (32737 turns).

cbfl8 the Warrior (Minotaur Berserker)             Turns: 32737, Time: 00:54:55

Health: -1/214     AC: 21    Str: 28    XL:     15   Next: 90%
Magic:  14/14      EV: 19    Int:  4    God:    Trog [*****.]
Gold:   1164       SH:  0    Dex: 17    Spells: 14/14 levels left

rFire   + . .      SeeInvis .   p - +2 executioner's axe (vorpal)
rCold   + . .      Faith    .   (shield currently unavailable)
rNeg    . . .      Spirit   .   j - +4 chain mail
rPois   .          Reflect  .   u - +2 hat {Stlth+}
rElec   .          Harm     .   f - scarf {rC+ rF+}
rCorr   .          Rampage  .   g - +0 pair of gloves
Will    +....                   v - +0 pair of boots
Stlth   ..........              M - amulet of the acrobat
HPRegen 0.45/turn               x - +4 ring of evasion
MPRegen 0.14/turn               n - +6 ring of strength

@: berserking (expiring), very quick
A: horns 2, retaliatory headbutt
a: Renounce Religion, Berserk, Trog's Hand, Brothers in Arms


You were on level 6 of the Lair of Beasts.
You worshipped Trog.
Trog was extremely pleased with you.
You visited 2 branches of the dungeon, and saw 21 of its levels.
You visited the Abyss 1 time.

You collected 1404 gold pieces.
You spent 240 gold pieces at shops.

Inventory:

Hand Weapons
 p - a +2 vorpal executioner's axe (weapon)
 z - the +6 arbalest "Damnation" {damnation}
   (You took it off a tengu warrior on level 14 of the Dungeon)

   Any ammunition fired from it explodes in a burst of damnation on striking a
   foe, dealing damage which bypasses armour.
 D - a +5 halberd of freezing
 P - a +4 battleaxe of flaming
Missiles
 b - 3 throwing nets
 Q - 86 bolts
Armour
 d - the +6 scale mail of Infinity {Contam +Inv Will- Regen+}
   (You found it on level 11 of the Dungeon)

   +Inv:      It lets you turn invisible.
   Contam:    It causes magical contamination when unequipped.
   Regen:     It increases your rate of health regeneration.
   Will:      It decreases your willpower.
 f - a scarf of resistance (worn)
 g - a +0 pair of gloves (worn)
 j - a +4 chain mail (worn)
 u - a +2 hat of stealth (worn)
 v - a +0 pair of boots (worn)
Jewellery
 k - a ring of see invisible
 n - a +6 ring of strength (right hand)
 x - a +4 ring of evasion (left hand)
 G - a +4 ring of evasion
 M - an amulet of the acrobat (around neck)
 R - a ring of protection from cold
Wands
 t - a wand of charming (6) (quivered)
 K - a wand of polymorph (16)
 S - a wand of mindburst (4)
Scrolls
 e - 8 scrolls of immolation
 h - 3 scrolls of teleportation
 o - 6 scrolls of magic mapping
 y - a scroll of holy word
 B - 4 scrolls of silence
 F - 3 scrolls of fear
 J - 4 scrolls of blinking
 L - 3 scrolls of fog
 N - 2 scrolls of noise
Potions
 a - 2 potions of ambrosia
 c - 3 potions of haste
 l - 3 potions of lignification
 m - 3 potions of might
 q - a potion of attraction {unknown}
 r - 2 potions of mutation {unknown}
 s - 4 potions of curing
 A - 3 potions of cancellation
 C - a potion of flight {unknown}
 H - a potion of resistance
 I - a potion of invisibility
Miscellaneous
 w - a piece from Xom's chessboard (15/15)
 W - a piece from Xom's chessboard (15/15)


   Skills:
 * Level 15.7 Fighting
 + Level 14.2(16.2) Axes
 + Level 13.0(15.6) Polearms
 + Level 0.5 Crossbows
 + Level 12.8 Armour
 * Level 12.1 Dodging
 * Level 10.0 Stealth
 * Level 9.2 Evocations


You had 14 spell levels left.
You didn't know any spells.
Your spell library was empty.

Dungeon Overview and Level Annotations

Branches:
Dungeon (15/15)            Temple (0/1) D:7            Lair (6/6) D:10
  Swamp (0/4) Lair:2        Snake (0/4) Lair:2          Orc (0/2) D:10
 Vaults (0/5) D:13         Depths (0/4) D:15
  Slime: Lair:5-6

Altars:
Ashenzari
Cheibriados
Dithmenos
Elyvilon
Makhleb
Qazlal
Trog
Uskayaw
Vehumet
Xom
Zin
The Shining One

Shops:
D:2 :   D:11 ![?[*   D:14 [

Annotations:
D:10 1 runed translucent door
D:15 2 transporters, Jingleheimer's ghost, journeyman TeBe


Innate Abilities, Weirdness & Mutations

You have a pair of horns on your head.
You reflexively headbutt those who attack you in melee.


Message History

* * * LOW HITPOINT WARNING * * *
You slice the moth of wrath like a ripe choko!!!
You kill the moth of wrath!
Trog accepts your kill.
You completely miss the bush. You slice the swamp worm!!
You kill the swamp worm!
Trog accepts your kill.
You slice the plant!!
The swamp worm fires a harpoon shot at you.
The harpoon shot hits you!
* * * LOW HITPOINT WARNING * * *
You are yanked forward by the harpoon shot.
You barely miss the tyrant leech.
The tyrant leech is moderately wounded.
You slice the plant!!
The plant begins to die.
You slice the fungus!!
The fungus begins to die.
You miss the swamp worm.
A nearby plant withers and dies.
The swamp worm barely misses you. You furiously retaliate!
You headbutt the swamp worm!! You miss the tyrant leech.
Your headbutt misses the tyrant leech.
The tyrant leech is moderately wounded.
You slash the swamp worm! You slash the fungus! You slash the plant!
The tyrant leech bites you but does no damage.
The swamp worm bites you!
* * * LOW HITPOINT WARNING * * *
You closely miss the tyrant leech. Your headbutt misses the tyrant leech.
The tyrant leech is moderately wounded.
You slice the plant!! You slice the fungus!! You slash the swamp worm!
You kill the swamp worm!
Trog accepts your kill. The tyrant leech bites you!
* * * LOW HITPOINT WARNING * * *
The tyrant leech draws strength from your injuries!
You slice the tyrant leech!!
The tyrant leech is severely wounded.
You slice the plant!! You slash the fungus!
The tyrant leech closely misses you.
You closely miss the tyrant leech. Your headbutt misses the tyrant leech.
The tyrant leech is severely wounded.
You slash the plant! You slice the fungus!! The tyrant leech bites you!
You die...

#≈≈§.....##...# ##........
≈#w≈†....#.#...## ##...8÷.8
≈≈≈≈≈≈≈.....##....# ##?..... #
≈≈≈≈#≈≈≈....##....P## ###.###
≈###≈###≈≈≈...##.......########.P
≈≈≈###≈≈≈≈...............##...P..
.≈≈≈≈≈≈≈≈≈..................P..†.
#.≈≈≈≈≈.(≈.....†......P.####...†P
...........##..P@w.....## ###...
.........#####..P†P†.#### ####
.<...#....P##.......##..####
....##....# #......##....#.#
.....#...# #^.....#......###
........## #....P..........#
.......†.## #..#P##..........#
..........##..######.........#
.............# ##........P


You could see a tyrant leech (berserk).

Vanquished Creatures
  Gastronok (Lair:1)
  Kirke (D:12)
  A fire giant (D:14)
  An angel (Abyss:1)
  An ettin (D:15)
  A fire dragon (D:14)
  Erolcha (D:12)
  7 hydras
  Harold (D:10)
  2 boulder beetles (D:12)
  9 two-headed ogres
  A catoblepas (Lair:6)
  4 centaur warriors
  A death knight (D:15)
  6 tengu warriors
  A deep troll shaman (Lair:6)
  19 death yaks
  A thrashing horror (Abyss:1)
  2 orc high priests (D:14)
  Sonja (Lair:3)
  A deep elf knight (D:14)
  A skeletal warrior (D:15)
  2 deep trolls (D:15)
  A deep elf archer (D:14)
  A wizard (D:13)
  A bog body (Lair:2)
  2 lindwurms
  2 necromancers
  2 deep elf zephyrmancers (D:14)
  3 orc knights (D:14)
  4 oklob plants (Lair:1)
  4 deep elf pyromancers
  2 orc sorcerers
  16 slime creatures
  12 cyclopes
  A manticore (D:13)
  4 ugly things
  3 elephants (Lair:6)
  7 black mambas
  A moth of wrath (Lair:6)
  2 gargoyles
  2 torpor snails
  17 cane toads
  An orange demon (Abyss:1)
  4 unseen horrors
  5 kobold demonologists
  2 rime drakes
  A freezing wraith (D:15)
  4 komodo dragons
  10 trolls
  7 tengu conjurers
  4 polar bears
  Prince Ribbit (D:5)
  21 blink frogs
  2 spriggans (Lair:5)
  5 shadows
  7 wyverns
  5 wraiths
  41 yaks
  8 basilisks
  4 hogs (D:12)
  A steam dragon (D:7)
  6 wargs (D:14)
  4 swamp worms (Lair:6)
  8 hell hounds (D:14)
  A small abomination (Abyss:1)
  18 water moccasins
  6 black bears
  An ice beast (D:7)
  3 orc warriors
  A sky beast (D:5)
  5 necrophages
  3 ogres (D:4)
  9 centaurs
  13 wolves
  6 kobold brigands
  13 bullfrogs
  5 scorpions
  A gnoll sergeant (D:9)
  A wyvern zombie (D:8)
  A water moccasin skeleton (D:4)
  5 killer bees (D:11)
  7 wights
  An electric eel (Lair:1)
  13 howler monkeys
  6 crimson imps
  3 centaur zombies (D:10)
  3 jellies
  2 orc priests
  6 hounds
  Jessica (D:3)
  A centaur skeleton (D:4)
  2 iguanas
  12 orc wizards
  7 hell rats (Lair:1)
  A killer bee zombie (D:8)
  A hound skeleton (D:4)
  3 howler monkey zombies
  4 gnolls (D:9)
  3 howler monkey skeletons
  4 adders
  2 shadow imps
  3 white imps
  4 worms
  3 dart slugs
  48 orcs
  2 ball pythons
  3 bats (D:3)
  6 endoplasms
  A giant cockroach (D:1)
  A goblin (D:4)
  9 hobgoblins
  6 jackals
  20 kobolds
  3 frilled lizards (D:3)
  6 rats
593 creatures vanquished.

Vanquished Creatures (collateral kills)
  Josephine (D:12)
  A two-headed ogre (D:13)
  A lindwurm (Lair:2)
  A manticore (D:13)
  2 wraiths (D:12)
  A crimson imp (D:13)
  A howler monkey (D:13)
  A kobold (D:13)
9 creatures vanquished.

Vanquished Creatures (others)
  2 lindwurms (Lair:2)
  A slime creature (D:14)
  62 fungi
  113 plants
  4 withered plants (D:10)
182 creatures vanquished.

Grand Total: 784 creatures vanquished

Notes
Turn   | Place    | Note
-------+----------+-------------------------------------------
     0 | D:1      | cbfl8 the Minotaur Berserker began the quest for the Orb.
     0 | D:1      | Reached XP level 1. HP: 19/19 MP: 0/0
   414 | D:1      | Reached XP level 2. HP: 27/27 MP: 1/1
   577 | D:1      | Reached skill level 4 in Fighting
   617 | D:1      | Found a faded altar of an unknown god.
   900 | D:2      | Found Miokiu Xisyx's Book Emporium.
  1270 | D:2      | Reached XP level 3. HP: 33/33 MP: 2/2
  1869 | D:3      | Reached ** piety under Trog
  2234 | D:3      | Noticed Jessica
  2240 | D:3      | Killed Jessica
  2241 | D:3      | Reached XP level 4. HP: 36/41 MP: 3/3
  2518 | D:3      | Found a radiant altar of Vehumet.
  2736 | D:4      | Reached skill level 5 in Axes
  2736 | D:4      | Reached skill level 1 in Stealth
  2736 | D:4      | Reached XP level 5. HP: 46/47 MP: 4/4
  2985 | D:4      | Noticed an ogre
  2986 | D:4      | Noticed an ogre
  2992 | D:4      | Killed an ogre
  2993 | D:4      | Reached skill level 5 in Fighting
  2993 | D:4      | Reached XP level 6. HP: 56/56 MP: 5/5
  3038 | D:4      | Noticed an orc warrior
  3045 | D:4      | Killed an orc warrior
  3212 | D:4      | Reached XP level 7. HP: 61/61 MP: 6/6
  3356 | D:4      | Reached *** piety under Trog
  3507 | D:4      | Reached skill level 5 in Armour
  4309 | D:5      | Entered Level 5 of the Dungeon
  4336 | D:5      | Found a glowing golden altar of the Shining One.
  4364 | D:5      | Reached skill level 6 in Fighting
  4394 | D:5      | Reached XP level 8. HP: 69/70 MP: 7/7
  5006 | D:5      | Noticed Prince Ribbit
  5019 | D:5      | Killed Prince Ribbit
  5020 | D:5      | Reached skill level 5 in Dodging
  5259 | D:6      | Reached skill level 7 in Fighting
  5439 | D:6      | Reached skill level 1 in Evocations
  5755 | D:6      | Found a glowing silver altar of Zin.
  5756 | D:6      | Found a shimmering altar of Xom.
  5761 | D:6      | Found a hide-covered altar of Uskayaw.
  5761 | D:6      | Found a white marble altar of Elyvilon.
  5762 | D:6      | Found a burning altar of Makhleb.
  5962 | D:7      | Reached XP level 9. HP: 75/79 MP: 8/8
  5963 | D:7      | Found a broken altar of Ashenzari.
  5976 | D:7      | Reached **** piety under Trog
  6357 | D:7      | Found a staircase to the Ecumenical Temple.
  6474 | D:7      | Reached skill level 8 in Fighting
  6743 | D:7      | Identified the +7 great sword "Ihynegiss" {venom, rF+ MP+9}
  7091 | D:8      | Noticed a gargoyle
  7102 | D:8      | Killed a gargoyle
  7107 | D:8      | Reached skill level 10 in Axes
  7111 | D:8      | Reached skill level 1 in Polearms
  7685 | D:8      | Reached XP level 10. HP: 74/90 MP: 9/9
  7775 | D:8      | Noticed a two-headed ogre
  7784 | D:8      | Killed a two-headed ogre
  8154 | D:9      | Reached skill level 5 in Stealth
  8915 | D:9      | Reached skill level 9 in Fighting
  9375 | D:10     | Entered Level 10 of the Dungeon
  9531 | D:10     | Reached skill level 5 in Polearms
  9674 | D:10     | Cast into level 1 of the Abyss (chaos spawn)
  9731 | Abyss:1  | Noticed a tentacled starspawn
  9748 | Abyss:1  | Noticed an angel
  9767 | Abyss:1  | Killed an angel
  9886 | Abyss:1  | Noticed an orange demon
  9891 | Abyss:1  | Noticed a thrashing horror
  9895 | Abyss:1  | Killed an orange demon
  9898 | Abyss:1  | Killed a thrashing horror
  9901 | D:10     | Escaped the Abyss
 10129 | D:10     | Found a staircase to the Orcish Mines.
 10362 | D:10     | Reached XP level 11. HP: 93/99 MP: 10/10
 10385 | D:10     | Found a runed translucent door.
 10463 | D:10     | Found a staircase to the Lair.
 10514 | D:10     | Noticed Harold
 10526 | D:10     | Killed Harold
 10531 | D:10     | Reached skill level 10 in Fighting
 11086 | D:10     | Noticed an ogre mage
 11086 | D:10     | Noticed a tengu reaver
 11215 | D:11     | Identified the +6 scale mail of Infinity {Contam +Inv Will-
                  | Regen+}
 11915 | D:11     | Found Penio's Island Escapes.
 12222 | D:11     | Found Rilul's Magic Scroll Emporium.
 12223 | D:11     | Found Ocinosch's Distillery.
 12227 | D:11     | Found Ezef's Armour Emporium.
 12230 | D:11     | Bought 3 scrolls of identify for 90 gold pieces
 12234 | D:11     | Found Hine Fac's Armour Emporium.
 12252 | D:11     | Bought a potion of heal wounds for 50 gold pieces
 12252 | D:11     | Bought a potion of heal wounds for 50 gold pieces
 12252 | D:11     | Bought a potion of heal wounds for 50 gold pieces
 13305 | D:12     | Noticed a boulder beetle
 13741 | D:12     | Killed a boulder beetle
 13742 | D:12     | Reached skill level 5 in Evocations
 14670 | D:12     | Noticed Erolcha
 14683 | D:12     | Killed Erolcha
 14684 | D:12     | Reached skill level 11 in Fighting
 14684 | D:12     | Reached XP level 12. HP: 110/110 MP: 11/11
 15066 | D:12     | Noticed a two-headed ogre
 15083 | D:12     | Noticed Josephine
 15084 | D:12     | Killed a two-headed ogre
 15108 | D:12     | Killed Josephine
 15529 | D:12     | Noticed Kirke
 15546 | D:12     | Noticed a sphinx
 15546 | D:12     | Killed Kirke
 15908 | D:13     | Noticed a boulder beetle
 16042 | D:12     | Killed a boulder beetle
 16264 | D:13     | Noticed a four-headed hydra
 16265 | D:13     | Noticed a tengu warrior
 16318 | D:13     | Noticed a two-headed ogre
 16323 | D:13     | Reached skill level 10 in Polearms
 16326 | D:13     | Killed a two-headed ogre
 16344 | D:13     | Reached skill level 10 in Armour
 16361 | D:13     | Reached skill level 12 in Fighting
 16500 | D:13     | Killed a tengu warrior
 16509 | D:13     | Noticed a two-headed ogre
 16515 | D:13     | Killed a two-headed ogre
 16751 | D:13     | Killed a six-headed hydra
 16957 | D:13     | Found a gate to the Vaults.
 17245 | D:13     | Reached XP level 13. HP: 106/119 MP: 12/12
 18118 | D:14     | Noticed a fire dragon
 18130 | D:14     | Killed a fire dragon
 18201 | D:14     | Found Ufoicly's Antique Armour Boutique.
 18489 | D:14     | Reached ***** piety under Trog
 19028 | D:14     | Found a shadowy altar of Dithmenos.
 19525 | D:14     | Reached skill level 10 in Dodging
 19527 | D:14     | Reached skill level 13 in Fighting
 19989 | D:14     | Identified the +9 short sword of Vehiawna {holy, rElec
                  | Int+3}
 19990 | D:14     | Noticed a fire giant
 20002 | D:14     | Killed a fire giant
 20003 | D:14     | Reached XP level 14. HP: 106/129 MP: 13/13
 21545 | D:15     | Entered Level 15 of the Dungeon
 23570 | D:15     | Reached skill level 14 in Fighting
 23579 | D:15     | Paralysed by an orc sorcerer for 2 turns
 24074 | D:15     | Found a stormy altar of Qazlal.
 24404 | D:15     | Found a staircase to the Depths.
 24858 | D:15     | Found a transporter.
 24861 | D:15     | Noticed a stone giant
 24866 | D:15     | Found a bloodstained altar of Trog.
 24879 | D:15     | Found a transporter.
 24896 | D:15     | Noticed Jingleheimer's ghost (journeyman TeBe)
 24990 | D:15     | Found a snail-covered altar of Cheibriados.
 25328 | Lair:1   | Entered Level 1 of the Lair of Beasts
 25804 | Lair:1   | Noticed Gastronok
 25824 | Lair:1   | Killed Gastronok
 26430 | Lair:1   | Identified a scroll of acquirement
 26432 | Lair:1   | Acquired a +2 vorpal executioner's axe
 27258 | Lair:2   | Found a staircase to the Swamp.
 27853 | Lair:2   | Found a staircase to the Snake Pit.
 27938 | Lair:2   | Reached XP level 15. HP: 139/139 MP: 14/14
 28422 | Lair:3   | Noticed Sonja
 28440 | Lair:3   | Killed Sonja
 28977 | Lair:3   | Identified the +6 ring mail of Ahea {rC+ Regen+ Str+3
                  | Slay+3}
 29611 | Lair:4   | Received a gift from Trog
 29841 | Lair:4   | Reached skill level 15 in Fighting
 31196 | Lair:5   | Found a white marble altar of Elyvilon.
 32020 | Lair:6   | Entered Level 6 of the Lair of Beasts
 32269 | Lair:6   | Reached skill level 10 in Stealth
 32510 | Lair:6   | Reached ****** piety under Trog
 32737 | Lair:6   | Slain by a tyrant leech

Illustrated notes

Levels and vault maps discovered:
D:1:      lightli_arrival_chessboard, layout_rooms,
          chequers_ecumenical_altar_island
D:2:      layout_basic, serial_shops, nicolae_shop_waterfront
D:3:      layout_loops_cross, nicolae_vehumet_altar_sigil,
          wander_ebering_terrifying_dragon_lair, uniq_jessica
D:4:      layout_gridville, nrook_campfire
D:5:      layout_basic, tso_metal_star, chequers_serial_rivers_small_a,
          uniq_prince_ribbit1
D:6:      layout_basic, minitemple, minivault_23, chequers_serial_rivers_micro_c
D:7:      layout_basic, mainiacjoe_overflow_brackets, minmay_temple_entry_trees,
          serial_bayou_pond_e, minmay_checkerbox
D:8:      layout_rooms
D:9:      layout_basic
D:10:     layout_stronghold, due_lair_maze_entry_diamond, orc_0_dummy,
          serial_undead, serial_undead_a, serial_undead_c, serial_undead_b,
          serial_undead_f, wad_hexagon, uniq_harold
D:11:     layout_loops_corners, minmay_shop_grid_forest, nicolae_island_escapes
D:12:     layout_basic, uniq_kirke, uniq_josephine, uniq_erolcha
D:13:     layout_loops_ring, david_vaults_1, minmay_nine_imps
D:14:     lemuel_castle_with_subvaults [lemuel_castle_interior_carwin_3],
          layout_irregular_city, minmay_misc_feat_columns, serial_shops, shop,
          hangedman_glass_teeth, minivault_25_ag, grunt_decor_clamped,
          nicolae_dithmenos_through_a_glass_darkly
D:15:     hangedman_depths_entry_civil_slaughter, layout_rooms,
          gammafunk_ghost_wrathful_warriors, grunt_qazlal_clouds,
          chequers_serial_rivers_small_b, slow_altar_1
Lair:1:   minmay_lair_oklob_tunnel, layout_regular_city, serial_bayou_shore_a,
          uniq_gastronok
Lair:2:   layout_roguey, skrybe_swamp_entry_bodies,
          minmay_snake_entry_six_corridors, ldierk_geyser, minmay_lindwurm_lava
Lair:3:   layout_loops_ring, lemuel_fruit_fields, uniq_sonja
Lair:4:   layout_roguey
Lair:5:   wad_woods_stonehenge, layout_big_grid, st_stairs_4
Lair:6:   grunt_lair_end_beastmaster, layout_hall_layers,
          minmay_slime_entry_jelly_boxes, worms_lemuel, grunt_megastairs_4

Skill      XL: |  1  2  3  4  5  6  7  8  9 10 11 12 13 14 15 |
---------------+----------------------------------------------+-----
Axes           | 4 5 6 7 8 10 12 14 | 14.2
Fighting       | 4 5 6 7 8 9 11 12 13 14 15 | 15.7
Armour         | 3 4 5 6 7 8 9 10 11 12 | 12.8
Stealth        | 1 2 3 4 5 6 7 8 9 10 | 10.0
Dodging        | 3 4 5 6 7 8 9 10 11 12 | 12.1
Evocations     | 1 2 4 5 6 7 8 9 |  9.2
Polearms       | 1 6 8 11 12 13 | 13.0
Crossbows      | |  0.5

Action                   |  1- 3 |  4- 6 |  7- 9 | 10-12 | 13-15 || total
-------------------------+-------+-------+-------+-------+-------++-------
Melee: Hand axe          |    82 |    56 |       |       |       ||   138
       Headbutt          |    14 |    10 |    35 |    90 |   178 ||   327
       War axe           |       |     4 |   220 |       |       ||   224
       Punch             |       |       |     3 |       |       ||     3
       Halberd           |       |       |    47 |   450 |   212 ||   709
       Battleaxe         |       |       |       |       |   251 ||   251
       Executioner's axe |       |       |       |       |   385 ||   385
 Fire: Arbalest          |       |       |       |       |     2 ||     2
Invok: Berserk           |       |     3 |     5 |    15 |    12 ||    35
       Brothers in Arms  |       |       |       |     3 |     1 ||     4
Evoke: Wand              |       |       |       |    13 |    14 ||    27
  Use: Scroll            |       |       |       |    23 |    16 ||    39
       Potion            |       |       |       |     6 |     3 ||     9
 Stab: Distracted        |       |       |       |     2 |     1 ||     3
       Betrayed ally     |       |       |       |       |     1 ||     1
       Sleeping          |       |       |       |       |     7 ||     7
Armor: Animal skin       |     3 |       |       |       |       ||     3
       Scale mail        |    14 |    20 |       |       |       ||    34
       Leather armour    |     3 |       |       |       |       ||     3
       Chain mail        |       |     1 |   108 |   121 |   347 ||   577
       Plate armour      |       |       |    11 |    66 |       ||    77
Dodge: Dodged            |    27 |    26 |   145 |   412 |   852 ||  1462
